 Dungeon Crawl Stone Soup version 0.31-a0-700-gf13585253f (webtiles) character file.

Game seed: 14479378050557207437

87092 pokeman the Sorcerer (level 15, -3/84 HPs)
             Began as a Deep Elf Hedge Wizard on Sept 7, 2023.
             Was a High Priest of Vehumet.
             Killed by divine providence
             ... invoked by an orc high priest
              (12 damage)
             ... on level 2 of the Orcish Mines.
             The game lasted 01:08:51 (27554 turns).

pokeman the Sorcerer (Deep Elf Hedge Wizard)       Turns: 27554, Time: 01:08:52

Health: -3/84      AC: 19    Str: 11      XL:     15   Next: 42%
Magic:  40/52      EV: 11    Int: 24 (27) God:    Vehumet [*****.]
Gold:   1893       SH:  0    Dex: 13      Spells: 23/59 levels left

rFire   + + +        W - +7 great mace "Firestarter" {flame, immolate, rFlCloud rF++}
rCold   . . .        (shield currently unavailable)
rNeg    + . .        K - +3 ring mail {Will+}
rPois   .            V - +0 helmet
rElec   +            b - scarf {repulsion}
rCorr   .            D - +0 pair of gloves
SInv    .            L - +2 pair of boots
Will    ++...        c - amulet "Ymnitaxti" {RegenMP +Blink rElec Dex-3}
Stlth   ++           a - ring of Gluttony {MP+9 Str+4}
HPRegen 0.34/turn    f - ring of False Pretenses {rF+ rN+ AC+4 Dex+2}
MPRegen 0.73/turn

%: repel missiles
@: about to teleport
A: no striking features
a: Renounce Religion, Evoke Blink


You were on level 2 of the Orcish Mines.
You worshipped Vehumet.
Vehumet was extremely pleased with you.
You visited 4 branches of the dungeon, and saw 23 of its levels.
You also visited: Gauntlet.

You collected 2185 gold pieces.
You spent 292 gold pieces at shops.

Inventory:

Hand Weapons
 W - the +7 great mace "Firestarter" (weapon) {flame, immolate, rFlCloud rF++}
   (You found it on level 10 of the Dungeon)

   rFlCloud:  It grants immunity to clouds of flame.
   rF++:      It greatly protects you from fire.
Missiles
 M - a curare-tipped dart
Armour
 b - a scarf of repulsion (worn)
 k - the +3 leather armour of Wisdom {rElec}
   (You found it on level 2 of the Lair of Beasts)

   rElec:     It insulates you from electricity.
 D - a +0 pair of gloves (worn)
 F - a +0 buckler
 K - a +3 ring mail of willpower (worn)
 L - a +2 pair of boots (worn)
 V - a +0 helmet (worn)
Jewellery
 a - the ring of Gluttony (left hand) {MP+9 Str+4}
   (You found it on level 1 of the Lair of Beasts)

   [ring of magical power]

   Str+4:     It affects your strength (+4).
   MP+9:      It affects your magic capacity (+9).
 c - the amulet "Ymnitaxti" (around neck) {RegenMP +Blink rElec Dex-3}
   (You found it in a Gauntlet)

   [amulet of magic regeneration]

   RegenMP:   It increases your rate of magic regeneration.
   Dex-3:     It affects your dexterity (-3).
   rElec:     It insulates you from electricity.
   +Blink:    It lets you blink.
 f - the ring of False Pretenses (right hand) {rF+ rN+ AC+4 Dex+2}
   (You found it in a Gauntlet)

   [ring of protection]

   AC+4:      It affects your AC (+4).
   Dex+2:     It affects your dexterity (+2).
   rF+:       It protects you from fire.
   rN+:       It protects you from negative energy.
Wands
 q - a wand of paralysis (9)
 v - a wand of roots (3)
 Q - a wand of light (10)
Scrolls
 h - 7 scrolls of teleportation
 p - 6 scrolls of blinking
 z - 2 scrolls of revelation
Potions
 d - 2 potions of magic
 n - 5 potions of haste
 t - 5 potions of curing
 u - 10 potions of heal wounds
 E - 3 potions of might {unknown}
 J - 3 potions of mutation {unknown}
Miscellaneous
 g - a phial of floods


   Skills:
 - Level 6.0 Fighting
 - Level 6.0 Armour
 - Level 3.0 Dodging
 - Level 3.0 Stealth
 + Level 6.0 Shields
 * Level 22.5 Spellcasting
 + Level 13.8 Conjurations
 - Level 1.1 Summonings
 - Level 1.1 Translocations
 - Level 1.0 Transmutations
 + Level 13.3 Fire Magic
 - Level 1.0 Air Magic
 - Level 2.0 Earth Magic
 - Level 1.0 Poison Magic
 - Level 1.2 Evocations


You had 23 spell levels left.
You knew the following spells:

 Your Spells              Type           Power      Damage    Failure   Level
a - Magic Dart            Conj           100%       1d8       0%          1
b - Mephitic Cloud        Conj/Pois/Air  51%        N/A       1%          3
c - Call Imp              Summ           64%        N/A       3%          2
d - Blink                 Tloc           64%        N/A       3%          2
e - Foxfire               Conj/Fire      100%       2x1d9     0%          1
f - Stone Arrow           Conj/Erth      100%       3d13      1%          3
g - Starburst             Conj/Fire      37%        6d11      1%          6
h - Passwall              Tmut/Erth      28%        N/A       2%          2
i - Iskenderun's Battles  Conj           76%        2d12      1%          5
j - Irradiate             Conj/Tmut      29%        3d21      1%          5
k - Leda's Unmaking       Conj/Erth      30%        9d5       5%          6

Your spell library contained the following spells:

 Spells                   Type           Power      Damage    Failure   Level
 Fireball                 Conj/Fire      37%        3d15      1%          5
 Searing Ray              Conj           100%       2d8       0%          2
 Freeze                   Ice            100%       1d10      1%          1
 Kiss of Death            Conj/Necr      100%       2d13      1%          1
 Shock                    Conj/Air       100%       1d9       1%          1
 Summon Small Mammal      Summ           100%       N/A       1%          1
 Hailstorm                Conj/Ice       57%        3d12      1%          3
 Inner Flame              Hex/Fire       56%        N/A       1%          3
 Volatile Blastmotes      Fire/Tloc      100%       2d18      1%          3
 Fulminant Prism          Conj/Hex       28%        3d14      1%          4
 Iskenderun's Mystic Bla  Conj/Tloc      58%        2d12      1%          4
 Frozen Ramparts          Ice            54%        1d9       2%          3
 Slow                     Hex            100%       N/A       3%          1
 Cigotuvi's Dreadful Rot  Necr/Pois/Air  60%        N/A       3%          2
 Wereblood                Tmut           31%        N/A       3%          2
 Ensorcelled Hibernation  Hex/Ice        54%        N/A       4%          2
 Airstrike                Air            15%        2d(3-19)  5%          4
 Call Canine Familiar     Summ           32%        N/A       6%          3
 Swiftness                Air            31%        N/A       6%          3
 Plasma Beam              Fire/Air       28%        2x1d41    7%          6
 Summon Guardian Golem    Hex/Summ       29%        N/A       8%          3
 Confusing Touch          Hex            27%        N/A       10%         3
 Yara's Violent Unravell  Hex/Tmut       14%        3d7       17%         5
 Dispel Undead            Necr           27%        3d13      30%         4
 Spellforged Servitor     Conj/Summ      29%        N/A       30%         7
 Enfeeble                 Hex            13%        N/A       100%        7


Dungeon Overview and Level Annotations

Branches:
Dungeon (15/15)            Temple (1/1) D:5            Lair (5/5) D:9
  Swamp (0/4) Lair:2        Snake (0/4) Lair:3        Slime (0/5) Lair:5
    Orc (2/2) D:11         Vaults (0/5) D:13         Depths (0/4) D:15
Gauntlet (visited)
    Elf: Orc:2

Altars:
Ashenzari
Cheibriados
Dithmenos
Elyvilon
Fedhas
Gozag
Hepliaklqana
Kikubaaqudgha
Makhleb
Nemelex Xobeh
Okawaru
Qazlal
Ru
Sif Muna
Trog
Uskayaw
Vehumet
Wu Jian
Xom
Yredelemnul
Zin
The Shining One
Jiyva
Lugonu

Shops:
D:5 *[(*[   D:10 [   D:11 ([   D:15 (   Orc:2 (?

Portals:
Abyss: Lair:5

Annotations:
D:11 3 runed translucent doors, cforsyth's ghost, journeyman DjCK


Message History

Casting: Starburst (dangerous; 1% risk of failure)
Confirm with . or Enter, or press ? or * to list all spells.
Casting: Starburst (dangerous; 1% risk of failure)
Press: ? - help, Dir - look around, f - activate The bolt of fire hits the orc knight!!
The orc knight is severely wounded.
The bolt of fire hits the orc warrior!!
You kill the orc warrior!
Vehumet accepts your kill.
You feel your power returning.
The bolt of fire hits the orc warrior!!
You kill the orc warrior!
Vehumet accepts your kill.
You feel your power returning.
You hear a shout!
The orc knight hits you with a +0 long sword!
* * * LOW HITPOINT WARNING * * *
Unknown command.
Casting: Starburst (dangerous; 1% risk of failure)
Confirm with . or Enter, or press ? or * to list all spells.
Casting: Starburst (dangerous; 1% risk of failure)
Press: ? - help, Dir - look around, f - activate The bolt of fire hits the orc knight!!
You kill the orc knight!
Vehumet accepts your kill.
You feel your power returning.
The bolt of fire hits the sun demon.
The sun demon completely resists.
The bolt of fire hits the orc warrior!!!
You kill the orc warrior!
Vehumet accepts your kill. The neqoxec gestures at you.
You feel dopey. Something feeds on your intellect!
As you read the scroll of teleportation, it crumbles to dust.
You feel strangely unstable. The neqoxec gestures at you.
Something tries to feed on your intellect!
Unknown command.
The orc high priest mumbles some strange prayers to Beogh against you.
Beogh smites you!
You die...

3....................
#......#####.##...#..
..)......##.###.#... #
#.ooo....##.##......
#∩ .).. ...##.###.#<..
#. #).##..##..##.##...
#∩.#3##)..##.###..#...
#.).).).##..# #.#....
##..@))##..## ##.#...
#####....## #......
###### #......
####...... ##.........
#...#......
##.##.#....
##..#.......
#...........


You could see an orc high priest (strong) and a sun demon (summoned).

Vanquished Creatures
  A minotaur (Gauntlet)
  A dire elephant (D:15)
  5 hydras
  A catoblepas (D:15)
  A death knight (D:14)
  2 centaur warriors (D:13)
  2 boulder beetles
  5 two-headed ogres
  A hell hog (Gauntlet)
  3 orc high priests
  4 thrashing horrors (Lair:5)
  A soul eater (Gauntlet)
  A sixfirhy (Gauntlet)
  A skeletal warrior (D:14)
  A skyshark (Lair:5)
  2 large abominations (Lair:5)
  A flayed ghost (D:10)
  2 lindwurms
  5 orc knights
  2 deep elf pyromancers (D:14)
  A necromancer (D:13)
  7 cyclopes
  A wolf spider (D:15)
  4 orc sorcerers
  5 oklob plants (Lair:4)
  5 ugly things
  A manticore (D:11)
  5 black mambas
  15 elephants
  A naga mage (D:15)
  2 gargoyles
  12 cane toads
  4 smoke demons
  Jeremiah (D:9)
  4 unseen horrors
  4 rime drakes
  A freezing wraith (D:14)
  A kobold demonologist (D:10)
  8 komodo dragons
  An efreet (D:14)
  A red devil (Gauntlet)
  A tengu conjurer (D:15)
  7 trolls
  3 polar bears
  3 meliai (D:14)
  2 hornets
  6 dream sheep (Lair:4)
  16 blink frogs (Lair:5)
  The ghost of Xavori the Sneak, an amateur OpCK of Xom (D:4)
  A raiju (Lair:5)
  Sigmund (D:6)
  2 ynoxinuls (Lair:5)
  A shadow (D:10)
  5 wyverns
  8 wraiths
  31 slime creatures
  4 vampires (D:11)
  4 fire bats
  44 yaks
  8 basilisks
  3 steam dragons
  2 chaos spawn (Lair:5)
  11 vampire mosquitoes
  3 wargs (Orc:1)
  An acid dragon (D:12)
  Edmund (D:6)
  2 hell hounds (Gauntlet)
  10 water moccasins
  20 orc warriors
  A sky beast (D:7)
  7 ice beasts
  5 ogres
  7 wolves
  7 centaurs
  4 phantoms
  3 kobold brigands
  13 bullfrogs
  13 small abominations (Lair:5)
  3 scorpions
  A gnoll sergeant (D:11)
  13 wights
  5 killer bees (D:9)
  11 electric eels
  2 crimson imps (Gauntlet)
  3 hounds
  2 jellies
  14 orc priests
  Natasha (thrice) (D:2)
  An iguana (D:6)
  14 orc wizards
  A scorpion zombie (D:3)
  A sleepcap (D:6)
  A hound skeleton (D:3)
  10 gnolls
  7 adders
  4 shadow imps (Gauntlet)
  5 white imps
  4 ufetubi
  3 worms (D:2)
  3 dart slugs
  47 orcs
  7 ball pythons
  6 endoplasms
  4 giant cockroaches
  3 goblins
  5 hobgoblins
  5 jackals
  15 kobolds
  4 quokkas
  2 ball python zombies (D:3)
  21 bats
  2 frilled lizards
  A jackal zombie (D:3)
  4 rats
  2 butterflies (D:5)
626 creatures vanquished.

Vanquished Creatures (collateral kills)
  An ice beast (D:9)
  3 foxfires
4 creatures vanquished.

Vanquished Creatures (others)
  A blizzard demon (Gauntlet)
  565 foxfires
566 creatures vanquished.

Grand Total: 1196 creatures vanquished

Notes
Turn   | Place    | Note
-------+----------+-------------------------------------------
     0 | D:1      | pokeman the Deep Elf Hedge Wizard began the quest for the
                  | Orb.
     0 | D:1      | Reached XP level 1. HP: 10/10 MP: 7/7
   241 | D:1      | Found a faded altar of an unknown god.
   432 | D:1      | Reached XP level 2. HP: 15/15 MP: 7/9
  1048 | D:2      | Reached skill level 5 in Spellcasting
  1198 | D:2      | Reached XP level 3. HP: 20/20 MP: 2/11
  1202 | D:2      | Learned a level 3 spell: Mephitic Cloud
  1205 | D:2      | Learned a level 2 spell: Call Imp
  1208 | D:2      | Learned a level 2 spell: Blink
  1623 | D:2      | Reached skill level 1 in Fighting
  1623 | D:2      | Reached skill level 1 in Armour
  2003 | D:2      | Reached XP level 4. HP: 17/25 MP: 3/13
  2141 | D:2      | Noticed Natasha
  2252 | D:2      | Killed Natasha
  2429 | D:2      | Noticed Natasha
  2442 | D:2      | Killed Natasha
  2474 | D:2      | Noticed Natasha
  2496 | D:2      | Killed Natasha
  2497 | D:2      | Reached skill level 6 in Spellcasting
  2497 | D:2      | Reached XP level 5. HP: 16/29 MP: 0/15
  2716 | D:3      | Learned a level 5 spell: Irradiate
  2772 | D:3      | Found an ornate altar of the Wu Jian Council.
  2968 | D:3      | Found a sparkling altar of Nemelex Xobeh.
  2971 | D:3      | Found a bloodstained altar of Trog.
  3522 | D:4      | Reached skill level 1 in Transmutations
  3522 | D:4      | Reached skill level 1 in Air Magic
  3522 | D:4      | Reached skill level 1 in Poison Magic
  3522 | D:4      | Reached skill level 1 in Evocations
  3522 | D:4      | Reached XP level 6. HP: 33/34 MP: 8/17
  3528 | D:4      | Learned a level 2 spell: Passwall
  3865 | D:4      | Found a radiant altar of Vehumet.
  3880 | D:4      | Became a worshipper of Vehumet
  3937 | D:4      | Found a runed translucent door.
  4124 | D:4      | Reached skill level 1 in Earth Magic
  4140 | D:4      | Reached skill level 7 in Spellcasting
  4183 | D:4      | Found a hide-covered altar of Uskayaw.
  4401 | D:4      | Reached XP level 7. HP: 37/39 MP: 12/19
  4401 | D:4      | Reached * piety under Vehumet
  4401 | D:4      | Offered knowledge of Foxfire by Vehumet.
  4410 | D:4      | Learned a level 1 spell: Foxfire
  4596 | D:4      | Found a hazy altar of Hepliaklqana.
  4662 | D:4      | Noticed Xavori's ghost (amateur OpCK)
  4678 | D:5      | Entered Level 5 of the Dungeon
  4678 | D:5      | Found Zixurena's General Store.
  4679 | D:5      | Found Gierr's Weapon Shop.
  4770 | D:5      | Found a staircase to the Ecumenical Temple.
  4785 | D:5      | Found Bevaink's Antique Armour Shoppe.
  4944 | D:5      | Reached skill level 8 in Spellcasting
  4944 | D:5      | Reached skill level 1 in Fire Magic
  4946 | D:5      | Found Jag Kela's General Store.
  5040 | D:5      | Bought a scroll of teleportation for 45 gold pieces
  5116 | D:5      | Noticed an animated shadow dragon scales
  5118 | D:5      | Found Vizxohir's Armour Shop.
  5121 | D:5      | Noticed an animated shadow dragon scales
  5179 | D:5      | Bought a scroll of identify for 26 gold pieces
  5179 | D:5      | Bought a scroll of identify for 26 gold pieces
  5191 | D:5      | Found a basalt altar of Yredelemnul.
  5654 | D:6      | Found a shadowy altar of Dithmenos.
  5737 | D:6      | Reached XP level 8. HP: 36/44 MP: 17/22
  5744 | D:6      | Reached skill level 9 in Spellcasting
  5821 | D:6      | Found a white marble altar of Elyvilon.
  6054 | D:6      | Found a snail-covered altar of Cheibriados.
  6161 | D:6      | Noticed Edmund
  6162 | D:6      | Noticed Sigmund
  6180 | D:6      | Killed Edmund
  6180 | D:6      | Killed Sigmund
  6181 | D:6      | Reached skill level 5 in Conjurations
  6461 | D:6      | Found a blossoming altar of Fedhas.
  6544 | D:6      | Found a stormy altar of Qazlal.
  6664 | D:5      | Bought a pair of runed boots for 195 gold pieces
  6807 | D:7      | Reached skill level 10 in Spellcasting
  6864 | D:7      | Reached ** piety under Vehumet
  6888 | D:7      | Offered knowledge of Freeze by Vehumet.
  6940 | D:7      | Reached XP level 9. HP: 47/48 MP: 22/25
  6962 | D:7      | Identified the +0 ring mail of Loss {Str+8 Int+2}
  7157 | D:7      | Reached skill level 11 in Spellcasting
  7389 | D:7      | Found a glowing golden altar of the Shining One.
  7389 | D:7      | Noticed a troll
  7407 | D:7      | Killed a troll
  7550 | D:7      | Found a broken altar of Ashenzari.
  7929 | D:8      | Found an ancient bone altar of Kikubaaqudgha.
  7975 | D:8      | Reached skill level 5 in Fire Magic
  8014 | D:8      | Reached skill level 12 in Spellcasting
  9257 | D:9      | Offered knowledge of Stone Arrow by Vehumet.
  9258 | D:9      | Reached XP level 10. HP: 34/56 MP: 18/28
  9262 | D:9      | Learned a level 3 spell: Stone Arrow
  9447 | D:9      | Reached skill level 13 in Spellcasting
  9638 | D:9      | Found a staircase to the Lair.
  9690 | D:9      | Reached *** piety under Vehumet
  9928 | D:9      | Noticed Jeremiah
 10108 | D:9      | Killed Jeremiah
 10407 | D:9      | Reached skill level 14 in Spellcasting
 10720 | D:9      | Reached skill level 1 in Shields
 11087 | D:9      | Offered knowledge of Iskenderun's Mystic Blast by Vehumet.
 11153 | D:10     | Entered Level 10 of the Dungeon
 11221 | D:10     | Reached XP level 11. HP: 37/61 MP: 27/31
 11557 | D:10     | Found a runed translucent door.
 11629 | D:10     | Found an ancient bone altar of Kikubaaqudgha.
 11661 | D:10     | Found a glowing golden altar of the Shining One.
 11679 | D:10     | Found a shimmering blue altar of Sif Muna.
 11864 | D:10     | Found a stormy altar of Qazlal.
 11994 | D:10     | Found a glowing silver altar of Zin.
 12118 | D:10     | Found a burning altar of Makhleb.
 12273 | D:10     | Reached **** piety under Vehumet
 12416 | D:10     | Found a sacrificial altar of Ru.
 12426 | D:10     | Reached skill level 15 in Spellcasting
 12476 | D:10     | Found Lyhu Zul's Antique Armour Shoppe.
 12550 | D:10     | Offered knowledge of Iskenderun's Battlesphere by Vehumet.
 12580 | D:10     | Learned a level 5 spell: Iskenderun's Battlesphere
 12896 | D:10     | Found the +7 great mace "Firestarter" {flame, immolate,
                  | rFlCloud rF++}
 12896 | D:10     | Noticed a flayed ghost
 13083 | D:10     | Killed a flayed ghost
 13258 | Temple   | Entered the Ecumenical Temple
 13594 | D:11     | Noticed a boulder beetle
 13618 | D:11     | Found a gate leading to a gauntlet.
 13624 | Gauntlet | Entered a Gauntlet
 13624 | Gauntlet | Found a transporter.
 13627 | Gauntlet | Noticed a sixfirhy
 13695 | Gauntlet | Found a transporter.
 13699 | Gauntlet | Found a transporter.
 13704 | Gauntlet | Found a transporter.
 13704 | Gauntlet | Noticed a soul eater
 13710 | Gauntlet | Found a transporter.
 13714 | Gauntlet | Found a transporter.
 13719 | Gauntlet | Found a transporter.
 13726 | Gauntlet | Found a transporter.
 13729 | Gauntlet | Found a transporter.
 13732 | Gauntlet | Noticed a hell hog
 13734 | Gauntlet | Found a transporter.
 13741 | Gauntlet | Found a transporter.
 13745 | Gauntlet | Found a transporter.
 13750 | Gauntlet | Found a transporter.
 13753 | Gauntlet | Found a runed translucent gate.
 13753 | Gauntlet | Found a runed translucent gate.
 13753 | Gauntlet | Found a runed translucent gate.
 13754 | Gauntlet | Noticed a blizzard demon
 13757 | Gauntlet | Found a transporter.
 13854 | Gauntlet | Killed a sixfirhy
 13868 | Gauntlet | Killed a soul eater
 14071 | Gauntlet | Killed a hell hog
 14078 | Gauntlet | Reached skill level 16 in Spellcasting
 14332 | Gauntlet | HP: 3/61 [blizzard demon] (14)]
 14332 | Gauntlet | Killed a blizzard demon
 14529 | Gauntlet | Identified the amulet "Ymnitaxti" {RegenMP +Blink rElec
                  | Dex-3}
 14548 | Gauntlet | Noticed a minotaur
 14560 | Gauntlet | Killed a minotaur
 14597 | Gauntlet | Identified the ring of False Pretenses {rF+ rN+ AC+4 Dex+2}
 14609 | Gauntlet | Learned a level 6 spell: Starburst
 14691 | D:11     | Killed a boulder beetle
 14692 | D:11     | Reached XP level 12. HP: 6/66 MP: 11/34
 15041 | D:11     | Noticed a two-headed ogre
 15045 | D:11     | Killed a two-headed ogre
 15184 | D:11     | Found Xoel's Armour Shoppe.
 15185 | D:11     | Found a staircase to the Orcish Mines.
 15189 | D:11     | Found Niqibole's Weapon Shoppe.
 15287 | D:11     | Learned a level 6 spell: Leda's Unmaking
 15734 | D:11     | Reached skill level 10 in Conjurations
 15975 | D:11     | Found a runed translucent gate.
 15975 | D:11     | Noticed cforsyth's ghost (journeyman DjCK)
 15990 | D:11     | Identified the +2 quarterstaff of Yshien {heavy, Contam
                  | rN+++ Int-4 Dex+2}
 15995 | D:11     | Found a runed translucent gate.
 16000 | D:11     | Found a runed translucent gate.
 16256 | D:11     | Reached skill level 17 in Spellcasting
 16614 | D:4      | Killed Xavori's ghost
 16818 | D:12     | Noticed a two-headed ogre
 17082 | D:12     | Noticed a two-headed ogre
 17090 | D:12     | Killed a two-headed ogre
 17091 | D:12     | Reached skill level 5 in Fighting
 17111 | D:12     | Killed a two-headed ogre
 17116 | D:12     | Reached skill level 10 in Fire Magic
 17565 | D:13     | Noticed a two-headed ogre
 17570 | D:13     | Killed a two-headed ogre
 17571 | D:13     | Reached skill level 18 in Spellcasting
 17614 | D:13     | Identified the +1 robe of Wonder {Regen+}
 17754 | D:13     | Noticed a centaur warrior
 17763 | D:13     | Killed a centaur warrior
 17764 | D:13     | Reached ***** piety under Vehumet
 17909 | D:13     | Noticed a centaur warrior
 17916 | D:13     | Killed a centaur warrior
 18026 | D:13     | Found a gate to the Vaults.
 18026 | D:13     | Noticed a two-headed ogre
 18031 | D:13     | Killed a two-headed ogre
 18032 | D:13     | Reached XP level 13. HP: 72/72 MP: 30/37
 18035 | D:13     | Offered knowledge of Sticky Flame by Vehumet.
 18403 | D:14     | Reached skill level 5 in Armour
 18641 | D:14     | Reached skill level 19 in Spellcasting
 19139 | D:15     | Entered Level 15 of the Dungeon
 19312 | D:15     | Found Bumem's Weapon Emporium.
 19400 | D:15     | Found a staircase to the Depths.
 19400 | D:15     | Noticed a dire elephant
 19407 | D:15     | Killed a dire elephant
 20633 | Lair:1   | Entered Level 1 of the Lair of Beasts
 20638 | Lair:1   | Identified the ring of Gluttony {MP+9 Str+4}
 20752 | Lair:1   | Reached skill level 20 in Spellcasting
 21106 | Lair:1   | Reached XP level 14. HP: 78/78 MP: 40/40
 21765 | Lair:2   | Identified the +3 leather armour of Wisdom {rElec}
 22309 | Lair:2   | Found a staircase to the Swamp.
 22606 | Lair:3   | Found a staircase to the Snake Pit.
 23168 | Lair:3   | You fall into a shaft and drop 2 floors!
 23168 | Lair:5   | Entered Level 5 of the Lair of Beasts
 23185 | Lair:5   | Offered knowledge of Ozocubu's Refrigeration by Vehumet.
 23456 | Lair:4   | Reached skill level 21 in Spellcasting
 25120 | Lair:5   | Reached skill level 5 in Shields
 25439 | Lair:5   | Found a viscous altar of Jiyva.
 25439 | Lair:5   | Found a staircase to the Slime Pits.
 25895 | Lair:5   | Offered knowledge of Orb of Destruction by Vehumet.
 25897 | Lair:5   | Reached XP level 15. HP: 84/84 MP: 41/42
 25943 | Lair:5   | Found a one-way gate to the infinite horrors of the Abyss.
 25946 | Lair:5   | Found a corrupted altar of Lugonu.
 25999 | Lair:5   | Reached skill level 22 in Spellcasting
 26198 | Lair:5   | Identified the +6 glaive of Yredelemnul's Whim {heavy, rF+
                  | Int+3}
 26784 | Orc:1    | Entered Level 1 of the Orcish Mines
 27130 | Orc:2    | Entered Level 2 of the Orcish Mines
 27535 | Orc:2    | Found Siogirphys's Magic Scroll Emporium.
 27540 | Orc:2    | Offered knowledge of Fireball by Vehumet.
 27546 | Orc:2    | Found Eweg Ke Buti's Antique Weapon Shop.
 27554 | Orc:2    | Killed from afar by an orc high priest

Illustrated notes

Levels and vault maps discovered:
D:1:      mrwooster_arrival_arrow, layout_basic,
          dreamdust_ecumenical_altar_statues
D:2:      cheibrodos_helix_gallery, layout_rooms, uniq_natasha
D:3:      layout_rooms, mainiacjoe_overflow_paths,
          mainiacjoe_overflow_divided_tiny, serial_undead, serial_undead_e,
          serial_undead_c, serial_undead_d, serial_undead_e, serial_undead_a,
          serial_undead_a, minmay_misc_feat_doors, kennysheep_nondescript,
          skrybe_limestone_x, serial_park_tiny_1
D:4:      layout_basic, old_standard_altar, eat_drink_and_be_merry_uskayaw,
          worldfamousw_hep_ancestral_shrine, ebering_ghost_sewer_d
D:5:      layout_rooms, mainiacjoe_overflow_alcove_4,
          minmay_temple_entry_butterflies, serial_shops, shop,
          nicolae_shop_peninsula, nicolae_shop_mannequins, shop,
          nicolae_shop_crystal
D:6:      layout_gridville, fedhas_altar_2,
          nicolae_dithmenos_through_a_glass_darkly, mainiacjoe_overflow_swirl,
          nicolae_elyvilon_temple_path, sigmund_edmund_badplayer
D:7:      layout_basic, cheibrodos_ashenzari_chains, tso_altar, serial_bayou,
          serial_bayou_pond_d, serial_bayou_shore_a, serial_bayou_pond_e,
          serial_bayou_pond_e
D:8:      layout_rooms, mainiacjoe_overflow_tiny_flanked, reono_crystal_passage,
          grunt_decor_junction
D:9:      layout_cave_pods, hellmonk_lair_entry_icy, kennysheep_pointless_box,
          uniq_jeremiah
D:10:     due_megacathedral, layout_basic, hangedman_ru_absence, serial_shops,
          shop, dk_rats_in_the_wall
D:11:     layout_layer_cave, orc_david_3, gauntlet_entry_generic,
          biasface_ghost_orc_armoury, hangedman_batty
D:12:     layout_rooms
D:13:     layout_rooms, david_vaults_1
D:14:     layout_gridville, nicolae_eternal_life
D:15:     hangedman_depths_entry_try_elsewhere_first, layout_basic,
          amethyst_killhole, serial_shops, nicolae_shop_bloodbath_and_beyond
Temple:   hellmonk_temple_two_chambers
Lair:1:   layout_layer_cave
Lair:2:   layout_regular_city, minmay_swamp_entry_swarm, lemuel_fruit_fields
Lair:3:   layout_cave_pods, dummy_snake_entry, nicolae_lair_grove_arrangements
Lair:4:   layout_roguey, dpeg_oklob_1, infiniplex_staircase_pool_2
Lair:5:   hellmonk_lair_end_abyssal_woods, layout_loops_ring,
          dpeg_slime_entry_enclosed, grunt_megastairs_5
Orc:1:    layout_caves, basic_altar
Orc:2:    st_orc_elflike, layout_caves, serial_shops, shop, minmay_orc_barracks

Skill      XL: |  1  2  3  4  5  6  7  8  9 10 11 12 13 14 15 |
---------------+----------------------------------------------+-----
Spellcasting   | 5 6 7 8 10 12 14 16 18 20 21 22 | 22.5
Fighting       | 1 2 3 4 5 6 |  6.0
Armour         | 1 3 4 6 |  6.0
Conjurations   | 2 3 4 5 7 8 9 11 12 13 | 13.8
Stealth        | 3 |  3.0
Dodging        | 3 |  3.0
Transmutations | 1 |  1.0
Air Magic      | 1 |  1.0
Poison Magic   | 1 |  1.0
Evocations     | 1 |  1.2
Earth Magic    | 1 2 |  2.0
Fire Magic     | 2 4 5 7 8 10 11 12 13 | 13.3
Shields        | 1 3 4 5 6 |  6.0
Summonings     | |  1.1
Translocations | |  1.1

Action                     |  1- 3 |  4- 6 |  7- 9 | 10-12 | 13-15 || total
---------------------------+-------+-------+-------+-------+-------++-------
  Melee: Dagger            |       |    36 |    73 |    49 |       ||   158
         Punch             |       |       |     1 |     1 |       ||     2
         Great mace        |       |       |       |    39 |    18 ||    57
   Cast: Magic Dart        |   102 |   131 |     7 |    36 |    12 ||   288
         Mephitic Cloud    |       |     9 |    23 |    41 |    14 ||    87
         Call Imp          |       |     1 |     4 |     4 |       ||     9
         Foxfire           |       |       |   202 |   116 |     4 ||   322
         Stone Arrow       |       |       |       |   143 |   123 ||   266
         Irradiate         |       |       |       |     4 |       ||     4
         Blink             |       |       |       |     2 |       ||     2
         Starburst         |       |       |       |    51 |   250 ||   301
         Iskenderun's Batt |       |       |       |     1 |     3 ||     4
  Evoke: Wand              |       |       |       |     2 |       ||     2
    Use: Scroll            |       |       |       |    24 |     6 ||    30
   Stab: Confused          |       |     2 |     5 |     5 |     1 ||    13
         Distracted        |       |     1 |       |       |       ||     1
 Armour: Robe              |     8 |    39 |    40 |       |       ||    87
         Ring mail         |       |       |    37 |   219 |   150 ||   406
  Dodge: Dodged            |    10 |    39 |    52 |   140 |    98 ||   339
         Repelled          |       |       |       |     1 |     1 ||     2

Table legend: (Time is in decaauts)
 A = Elapsed time spent in this place.
 B = Non-inter-level travel time spent in this place.
 C = Inter-level travel time spent in this place.
 D = Time resting spent in this place.
 E = Time spent auto-exploring this place.
 F = Levels seen in this place.
 G = Mean time per level.
                   A        B        C        D        E       F      G
               +--------+--------+--------+--------+--------+-----+--------+
         Total |  27674 |  25519 |   2155 |   1490 |  20260 |  24 | 1153.1 |
       Dungeon |  19814 |  17944 |   1870 |    712 |  14752 |  15 | 1320.9 |
        Temple |    127 |    115 |     12 |      0 |      0 |   1 |  127.0 |
          Lair |   5891 |   5642 |    249 |    395 |   4525 |   5 | 1178.2 |
  Orcish Mines |    774 |    751 |     23 |      0 |    633 |   2 |  387.0 |
      Gauntlet |   1066 |   1066 |      0 |    383 |    350 |   1 | 1066.0 |
               +--------+--------+--------+--------+--------+-----+--------+

Top non-repeatable levels by time:
    D:10: 2148 daAuts
     D:9: 2112 daAuts
    D:11: 2090 daAuts
     D:6: 1644 daAuts
     D:8: 1430 daAuts
  Lair:4: 1415 daAuts
     D:2: 1408 daAuts
     D:4: 1345 daAuts
  Lair:5: 1328 daAuts
     D:7: 1246 daAuts
     D:1: 1232 daAuts
    D:15: 1166 daAuts
  Lair:1: 1152 daAuts
  Lair:3: 1133 daAuts
Gauntlet: 1066 daAuts
